 Dungeon Crawl Stone Soup version bcrawl-1.29.2 (console) character file.

Game seed: 15735253306621554033

271179 GodsVoicemail the Arsonist (level 11, -2/71 HPs)
             Began as an Octopode Fire Elementalist on Mar 4, 2021.
             Was a Priest of Dithmenos.
             Slain by an ice dragon (16 damage)
             ... in an ice cave.
             The game lasted 01:26:18 (14727 turns).

GodsVoicemail the Arsonist (OpFE)                  Turns: 14727, Time: 01:26:19

Health: -2/71      AC:  1    Str:  8    XL:     11   Next: 75%
Magic:  3/29       EV: 14    Int: 21    God:    Dithmenos [***...]
Gold:   796        SH:  5    Dex: 12    Spells: 5/23 levels left

rFire    + + .     SeeInvis .   a - +3 dagger (pierce)
rCold    + . .     Gourm    .   (no shield)
rNeg     . . .     Faith    .   (helmet restricted)
rPois    +         Spirit   .   (cloak restricted)
rElec    +         Reflect  +   c - +5 amulet of reflection
rCorr    +         Harm     .   r - ring of magical power
MR       .....                  E - ring of protection from fire
Stlth    ++++......             (no ring)
HPRegen  0.21/turn              (no ring)
MPRegen  0.21/turn              (no ring)
                                (no ring)
                                (no ring)
                                (no ring)

@: resistant, wreathed by umbra
A: almost no armour, stealthy swim, amphibious, 8 rings, constrict 8, camouflage
1, gelatinous body 1
a: Shadow Step, Renounce Religion


You were in an ice cave.
You worshipped Dithmenos.
Dithmenos was most pleased with you.
You were not hungry.

You visited 2 branches of the dungeon, and saw 10 of its levels.
You also visited: Ossuary and Ice Cave.

You collected 796 gold pieces.

Inventory:

Hand Weapons
 a - a +3 dagger of piercing (weapon)
 b - a +0 hunting sling
 A - a +1 dagger of electrocution
Missiles
 h - 1552 arrows
 j - 2767 stones
 n - 77 tomahawks of dispersal {=f}
 o - 1134 sling bullets
 t - 213 poisoned needles
 w - 245 poisoned tomahawks (quivered)
 z - 60 exploding tomahawks
 D - a throwing net {=f}
Jewellery
 c - a +5 amulet of reflection (around mantle)
 m - the ring of Miracles {+Fly rElec rPois Int-4}
   (You found it on level 2 of the Dungeon)

   [ring of flight]

   It affects your intelligence (-4).
   It insulates you from electricity.
   It protects you from poison.
   It lets you fly.
 r - a ring of magical power (left tentacle)
 E - a ring of protection from fire (right tentacle)
Wands
 y - a wand of polymorph (13)
 B - a wand of paralysis (9)
 F - a wand of enslavement (5)
 H - a wand of digging (4)
Scrolls
 d - 2 scrolls of enchant weapon
 i - 9 scrolls of identify
 l - 2 scrolls of remove curse
 p - 9 scrolls of teleportation
 J - a scroll of brand weapon
Potions
 f - 9 potions of curing {unknown}
 g - 2 potions of flight {unknown}
 k - a potion of magic {unknown}
 u - 2 potions of heal wounds {unknown}
 x - 3 potions of might {unknown}
 C - a potion of ambrosia {unknown}
 G - a potion of invisibility
 I - a potion of haste {unknown}
Comestibles
 e - 13 rations {!d}


   Skills:
 - Level 5.0 Fighting
 - Level 2.0 Throwing
 + Level 3.7 Dodging
 - Level 3.0 Stealth
 + Level 6.6 Spellcasting
 * Level 10.7 Conjurations
 - Level 2.0 Translocations
 * Level 11.0 Fire Magic
 - Level 2.7 Invocations
 + Level 1.6 Evocations


You had 5 spell levels left.
You knew the following spells:

 Your Spells              Type           Power        Failure   Level  Hunger
a - Flame Tongue          Conj/Fire      #####        1%          1    None
b - Conjure Flame         Conj/Fire      ######..     1%          3    #......
c - Sticky Flame          Conj/Fire      ######..     1%          4    ####...
d - Fireball              Conj/Fire      ######....   3%          5    #####..
e - Summon Butterflies    Summ           #.......     10%         1    None
f - Apportation           Tloc           ###...       4%          1    None
g - Inner Flame           Hex/Fire       N/A          2%          3    #......

Your spell library contained the following spells:

 Spells                   Type           Power        Failure   Level  Hunger
 Flaming Arrows           Chrm/Fire      ####....     1%          2    None
 Infusion                 Chrm           #.......     10%         1    None
 Sandblast                Erth           #.....       10%         1    None
 Slow                     Hex            #.......     10%         1    None


Dungeon Overview and Level Annotations

Branches:
Dungeon (8/12)             Temple (0/1) D:5            Lair (2/6) D:8
  Swamp: Lair:2-4    Shoals: Lair:2-4     Snake: Lair:2-4    Spider: Lair:2-4
    Orc: D:8-11

Altars:
Dithmenos
Qazlal
Wu Jian
Yredelemnul
Beogh

Shops:
D:6 }

Annotations:
D:5 exclusions: downstairs, ogre and 2 more exclusions, Menkaure
D:6 Grinder
D:7 3 runed translucent doors, exclusion: two-headed ogre, yrara's ghost, novice DsFi
D:8 2 exclusions, Erica; Joseph
Lair:1 exclusions: hydra, komodo dragon and 1 more exclusion


Innate Abilities, Weirdness & Mutations

You cannot wear most types of armour.
You are very stealthy in the water. (Stealth+)
You are amphibious.
You can wear up to eight rings at the same time.
You can use your tentacles to constrict eight enemies at once.
Your skin changes colour to match your surroundings (Stealth+).
Your rubbery body absorbs attacks. (AC +1, EV +1)


Message History

The fireball engulfs the ice dragon!!
The ice dragon is burned terribly!
You kill the ice dragon!
Dithmenos accepts your kill. The ice dragon bites you!
The ice dragon claws you!
* * * LOW HITPOINT WARNING * * *
The ice dragon misses you.
Your Fire Magic skill increases to level 11!
Casting: Fireball (safe; 3% risk of failure)
Confirm with . or Enter, or press ? or * to list all spells.
You don't have enough magic to cast that spell.
Evoke which item? (* to show all) (? for menu, Esc to quit)
Aiming: Scattershot
Press: ? - help, Shift-Dir - straight line, f - ice dragon
Aim: an ice dragon (severely wounded, umbra)
The burst of metal fragments hits the ice dragon but does no damage. x4
The burst of metal fragments hits the ice dragon.
The burst of metal fragments hits the ice dragon but does no damage.
The ice dragon is severely wounded.
The now-empty wand crumbles to dust.
The ice dragon bites you!
You die...

..#
##..##
#.##
##..###
#..##
##...#
##..#
###.###
#..##
#..#.##
#.##
##.##..#
.#.#
#..#...#
#.##
##...#.##
#..#
#####.@#
##.##
#..D#
#..#
##..#
##.# ##†#
##..# ..#
#.#.# ..#
##.##
..## ##.#
.. #.##
...


You could see an ice dragon.

Vanquished Creatures
  An ice dragon (IceCv)
  A hydra (Lair:1)
  A centaur warrior (D:6)
  A two-headed ogre (D:8)
  Pikel (D:6)
  2 ice statues (IceCv)
  A cane toad (Lair:1)
  A centaur skeleton (D:5)
  A komodo dragon (Lair:1)
  2 rime drakes (IceCv)
  2 hippogriffs (Lair:1)
  Sigmund (D:3)
  Eustachio (D:6)
  A yak (D:8)
  A basilisk (Lair:1)
  2 hungry ghosts
  3 crocodiles (D:8)
  4 porcupines
  2 black bears
  14 ice beasts (IceCv)
  A sky beast (D:3)
  3 orc warriors
  3 phantoms
  7 ogres
  2 centaurs
  2 bullfrogs
  5 wights (D:8)
  A howler monkey (D:5)
  A bullfrog zombie (D:6)
  A centaur zombie (D:5)
  3 crimson imps
  6 orc priests
  4 hounds
  Ijyb (D:3)
  A bullfrog skeleton (D:6)
  4 orc wizards
  3 iguanas
  A worker ant (D:7)
  3 hound skeletons
  4 mummies (Ossuary)
  A worker ant zombie (D:5)
  Robin (D:2)
  4 gnolls (D:3)
  7 adders
  2 shadow imps (D:7)
  3 oozes
  A worm (D:2)
  4 dart slugs
  4 leopard geckos
  27 orcs
  2 ball pythons
  6 giant cockroaches
  15 goblins
  21 hobgoblins
  4 jackals
  A quokka (D:3)
  5 bats
  A frilled lizard (D:1)
  5 gnoll skeletons (Ossuary)
  2 gnoll zombies (D:7)
  6 goblin zombies (Ossuary)
  5 hobgoblin skeletons (Ossuary)
  3 hobgoblin zombies (Ossuary)
  9 kobolds
  2 kobold zombies (Ossuary)
  An orc skeleton (Ossuary)
  2 orc zombies (Ossuary)
  9 rats
  3 rat skeletons (Ossuary)
  3 rat zombies (Ossuary)
258 creatures vanquished.

Vanquished Creatures (others)
  4 slaves (D:6)
  A bullfrog (D:6)
  2 orcs (D:3)
  A gnoll zombie (Ossuary)
  A goblin zombie (Ossuary)
  2 hobgoblin skeletons (Ossuary)
  A hobgoblin zombie (Ossuary)
  4 kobold skeletons (Ossuary)
  3 kobold zombies (Ossuary)
  4 orc skeletons (Ossuary)
  An orc zombie (Ossuary)
  A rat skeleton (Ossuary)
  2 rat zombies (Ossuary)
  10 fungi (D:8)
  3 plants (D:8)
40 creatures vanquished.

Grand Total: 298 creatures vanquished

Notes
Turn   | Place    | Note
-------+----------+-------------------------------------------
     0 | D:1      | GodsVoicemail the Octopode Fire Elementalist began the
                  | quest for the Orb.
     0 | D:1      | Reached XP level 1. HP: 11/11 MP: 3/3
   463 | D:1      | Reached XP level 2. HP: 17/17 MP: 3/5
  1362 | D:2      | Reached XP level 3. HP: 21/21 MP: 4/6
  1543 | D:2      | Learned a level 3 spell: Conjure Flame
  2320 | D:2      | Got a crude copper ring
  2321 | D:2      | Identified the ring of Miracles {+Fly rElec rPois Int-4}
                  | (You found it on level 2 of the Dungeon)
  2554 | D:2      | Reached XP level 4. HP: 27/27 MP: 5/7
  2570 | D:2      | Reached skill level 4 in Fire Magic
  2778 | D:2      | Noticed Robin
  3237 | D:2      | Killed Robin
  3304 | D:3      | Reached XP level 5. HP: 27/31 MP: 3/8
  3320 | D:2      | Learned a level 4 spell: Sticky Flame
  3425 | D:3      | Noticed Ijyb
  3672 | D:3      | Noticed an ogre
  3837 | D:3      | Noticed a sky beast
  3860 | D:3      | Killed a sky beast
  3861 | D:3      | Reached skill level 5 in Fire Magic
  3861 | D:3      | Reached XP level 6. HP: 27/36 MP: 0/9
  4370 | D:4      | Noticed a phantom
  5252 | D:4      | Found a shadowy altar of Dithmenos.
  5260 | D:4      | Became a worshipper of Dithmenos the Shadowed
  5366 | D:5      | Entered Level 5 of the Dungeon
  5391 | D:5      | Found an ornate altar of the Wu Jian Council.
  5452 | D:5      | Reached skill level 5 in Conjurations
  5452 | D:5      | Reached skill level 6 in Fire Magic
  5452 | D:5      | Reached XP level 7. HP: 18/41 MP: 2/11
  5619 | D:5      | Found a sand-covered staircase.
  5624 | Ossuary  | Entered an ossuary
  5948 | Ossuary  | Reached * piety under Dithmenos
  6596 | D:5      | Reached XP level 8. HP: 46/46 MP: 5/12
  6617 | D:5      | Learned a level 5 spell: Fireball
  6825 | D:5      | Noticed Menkaure
  7202 | D:5      | Found a stormy altar of Qazlal.
  7335 | D:5      | Found a staircase to the Ecumenical Temple.
  7716 | D:6      | Noticed Pikel
  7971 | D:6      | Noticed Eustachio
  7986 | D:6      | Noticed a centaur warrior
  8120 | D:6      | Noticed Grinder
  8164 | D:7      | Found a runed translucent gate.
  8165 | D:7      | Found a runed translucent gate.
  8166 | D:7      | Found a runed translucent gate.
  8169 | D:7      | Noticed yrara's ghost (novice DsFi)
  8179 | D:7      | Identified the +10 flail of the Middle {speed, MR+ Str+4}
  8360 | D:4      | Learned a level 1 spell: Summon Butterflies
  8420 | D:4      | Reached skill level 1 in Fighting
  8420 | D:4      | Reached skill level 7 in Fire Magic
  8846 | D:3      | Killed Ijyb
  9012 | D:3      | Noticed Sigmund
  9019 | D:3      | Killed Sigmund
  9020 | D:3      | Reached skill level 1 in Throwing
  9472 | D:6      | Killed Pikel
  9473 | D:6      | Reached XP level 9. HP: 55/55 MP: 11/15
  9570 | D:6      | Reached skill level 8 in Fire Magic
  9644 | D:6      | Found Dawaico's Gadget Boutique.
  9693 | D:5      | Reached ** piety under Dithmenos
  9939 | D:6      | Killed a centaur warrior
 10210 | D:6      | Killed Eustachio
 10222 | D:6      | Reached skill level 5 in Spellcasting
 10472 | D:7      | Found a roughly hewn altar of Beogh.
 10503 | D:7      | Reached XP level 10. HP: 60/63 MP: 7/17
 10578 | D:7      | Reached skill level 9 in Fire Magic
 11105 | D:7      | Noticed a two-headed ogre
 11387 | D:7      | Found a basalt altar of Yredelemnul.
 11639 | D:7      | Learned a level 1 spell: Apportation
 11643 | D:7      | Learned a level 3 spell: Inner Flame
 11729 | D:8      | Noticed a two-headed ogre
 11756 | D:8      | Killed a two-headed ogre
 11854 | D:8      | Reached skill level 10 in Fire Magic
 11881 | D:8      | Found a staircase to the Lair.
 11941 | D:8      | Reached *** piety under Dithmenos
 12091 | D:8      | Noticed Joseph
 12296 | D:8      | Noticed Erica
 12386 | D:8      | Reached skill level 5 in Fighting
 12651 | D:8      | Reached skill level 1 in Invocations
 12967 | Lair:1   | Entered Level 1 of the Lair of Beasts
 13142 | Lair:1   | Reached XP level 11. HP: 67/71 MP: 20/20
 13196 | Lair:1   | Noticed a six-headed hydra
 13259 | Lair:1   | Reached skill level 10 in Conjurations
 13280 | Lair:1   | Noticed a six-headed hydra
 13640 | Lair:1   | Killed a six-headed hydra
 14084 | Lair:2   | Found a frozen archway.
 14093 | IceCv    | Entered an ice cave
 14096 | IceCv    | Reached skill level 1 in Translocations
 14624 | IceCv    | Reached skill level 1 in Evocations
 14718 | IceCv    | Noticed an ice dragon
 14719 | IceCv    | Noticed an ice dragon
 14726 | IceCv    | Killed an ice dragon
 14727 | IceCv    | Reached skill level 11 in Fire Magic
 14727 | IceCv    | Slain by an ice dragon

Skill      XL: |  1  2  3  4  5  6  7  8  9 10 11 |
---------------+----------------------------------+-----
Conjurations   | 2 3 4 5 7 8 9 10 | 10.7
Fire Magic     | 4 5 6 7 8 10 11 | 11.0
Spellcasting   | 3 4 5 6 |  6.6
Fighting       | 2 3 5 |  5.0
Throwing       | 2 |  2.0
Invocations    | 1 2 |  2.7
Dodging        | 3 |  3.7
Translocations | 2 |  2.0
Evocations     | 1 |  1.6
Stealth        | |  3.0

Action                   |  1- 3 |  4- 6 |  7- 9 | 10-12 || total
-------------------------+-------+-------+-------+-------++-------
Melee: Unarmed           |     9 |       |       |       ||     9
       Tentacles         |     6 |     4 |    13 |     5 ||    28
       Constrict         |    12 |     6 |    24 |     6 ||    48
       Club              |    25 |    10 |       |       ||    35
       Dagger            |       |    17 |    86 |    37 ||   140
Throw: Stone             |     9 |     9 |     7 |     3 ||    28
       Tomahawk          |       |       |     7 |     8 ||    15
 Cast: Flame Tongue      |    67 |   103 |   111 |   144 ||   425
       Sticky Flame      |       |     4 |     3 |    20 ||    27
       Conjure Flame     |       |     1 |    23 |    18 ||    42
       Fireball          |       |       |     8 |    22 ||    30
       Summon Butterflie |       |       |     1 |     3 ||     4
       Apportation       |       |       |       |     6 ||     6
       Inner Flame       |       |       |       |     1 ||     1
Evoke: Wand              |       |       |     1 |     6 ||     7
  Use: Scroll            |       |     6 |     4 |     4 ||    14
       Potion            |       |     1 |       |     1 ||     2
 Stab: Sleeping          |     1 |     1 |     1 |     1 ||     4
       Paralysed         |       |       |     2 |     2 ||     4
  Eat: Chunk             |     8 |    14 |    13 |    15 ||    50
       Ration            |       |       |     4 |     4 ||     8
Armor: Skin              |     4 |     2 |     3 |     3 ||    12
Dodge: Dodged            |    32 |    32 |    36 |    37 ||   137
Block: Other             |     6 |    17 |    12 |    14 ||    49
       Reflection        |       |     4 |       |       ||     4
